 Dungeon Crawl Stone Soup version 0.29-a0-275-g389c0b56f3 (webtiles) character file.

Game seed: 151513588879190467

6433 kae the Carver (level 10, -5/80 HPs)
             Began as a Merfolk Abyssal Knight on Mar 12, 2022.
             Was a Priest of Lugonu.
             Slain by an orc warrior
             ... wielding a +0 long sword
              (11 damage)
             ... on level 9 of the Dungeon.
             The game lasted 00:14:30 (15995 turns).

kae the Carver (Merfolk Abyssal Knight)            Turns: 15995, Time: 00:14:30

Health: -5/80      AC:  5    Str: 13    XL:     10   Next: 99%
Magic:  14/14      EV: 20    Int: 12    God:    Lugonu [***...]
Gold:   517        SH:  0    Dex: 19    Spells: 9/9 levels left

rFire   . . .      SeeInvis .   a - +3 falchion
rCold   . . .      Faith    .   (no shield)
rNeg    . . .      Spirit   .   j - +1 ring mail
rPois   .          Reflect  .   (no helmet)
rElec   .          Harm     .   (no cloak)
rCorr   +          Rampage  .   (no gloves)
Will    .....                   (no boots)
Stlth   +.........              (no amulet)
HPRegen 0.00/turn               e - ring of resist corrosion
MPRegen 0.14/turn               g - +4 ring of evasion

@: inhibited regen
A: (nimble swimmer 2), mertail, clever 1, deformed body, low MP 1, shaggy fur 1,
inhibited regeneration
a: Renounce Religion, Depart the Abyss, Bend Space, Banish


You were on level 9 of the Dungeon.
You worshipped Lugonu.
Lugonu was most pleased with you.
You visited 1 branch of the dungeon, and saw 9 of its levels.
You visited the Abyss 1 time.
You also visited: Sewer.

You collected 517 gold pieces.

Inventory:

Hand Weapons
 a - a +3 falchion (weapon)
Armour
 b - a +0 leather armour
 j - a +1 ring mail (worn)
Jewellery
 e - a ring of resist corrosion (left hand)
 g - a +4 ring of evasion (right hand)
Wands
 h - a wand of digging (16)
 p - a wand of iceblast (19)
Scrolls
 k - a scroll of fog
 m - 4 scrolls of identify
 o - a scroll of amnesia
 r - a scroll of magic mapping
 t - 2 scrolls of teleportation
 u - a scroll of enchant weapon
Potions
 c - 2 potions of attraction
 d - 2 potions of brilliance
 i - 4 potions of degeneration
 l - 2 potions of curing
 n - 2 potions of flight
 q - a potion of ambrosia
 s - a potion of heal wounds
 v - a potion of magic


   Skills:
 + Level 8.1 Fighting
 * Level 11.5 Long Blades
 + Level 5.0 Armour
 + Level 9.1 Dodging
 + Level 7.4 Invocations


You had 9 spell levels left.
You didn't know any spells.
Your spell library contained the following spells:

 Spells                   Type           Power      Damage    Failure   Level
 Summon Small Mammal      Summ           0%         N/A       54%         1
 Call Canine Familiar     Summ           0%         N/A       89%         3
 Confusing Touch          Hex            0%         N/A       89%         3
 Ignite Poison            Fire/Tmut/Pois 0%         N/A       89%         3
 Mephitic Cloud           Conj/Pois/Air  0%         N/A       89%         3
 Summon Guardian Golem    Hex/Summ       0%         N/A       89%         3
 Freezing Cloud           Conj/Ice/Air   0%         6-21      100%        5
 Yara's Violent Unravell  Hex/Tmut       0%         3d3       100%        5
 Enfeeble                 Hex            0%         N/A       100%        7
 Chain Lightning          Conj/Air       0%         N/A       100%        9
 Fire Storm               Conj/Fire      0%         5d1       100%        9
 Shatter                  Erth           0%         3d5*      100%        9


Dungeon Overview and Level Annotations

Branches:
Dungeon (9/15)             Temple (0/1) D:4            Lair (0/6) D:8
  Sewer (visited)
    Orc: D:9-12

Altars:
Ashenzari
Dithmenos
Hepliaklqana
Nemelex Xobeh
Okawaru
Sif Muna
Uskayaw
Vehumet
Xom
Yredelemnul
The Shining One

Shops:
D:7 =

Annotations:
Abyss:1 Crazy Yiuf, Eustachio, Grinder


Innate Abilities, Weirdness & Mutations

((You are very nimble when in or above water. (Stealth+, EV+, Speed+++)))
Your lower body shifts to a powerful aquatic tail in water.
Your mind is acute. (Int +2)
Armour fits poorly on your strangely shaped body.
Your magical capacity is low. (-10% MP)
You are covered in fur. (AC +1)
You do not regenerate when monsters are visible.


Message History

An orc comes into view. It is wielding a +0 mace.
The orc warrior barely misses you. The orc barely misses you.
The orc misses you. x2
You closely miss the orc warrior.
The orc warrior is severely wounded.
You hit the orc warrior but do no damage.
The orc warrior is severely wounded.
The orc warrior hits you with a +0 long sword!
The orc completely misses you. x2; The orc closely misses you.
You barely miss the orc warrior.
The orc warrior is severely wounded.
The orc warrior hits you with a +0 long sword!
The orc hits you with a +0 club. The orc hits you but does no damage. x2
You hit the orc warrior.
The orc warrior is almost dead.
You barely miss the orc warrior.
The orc warrior is almost dead.
An orc comes into view. It is wielding a +0 whip.
An orc comes into view. It is wielding a +0 mace.
The orc warrior completely misses you. The orc hits you with a +0 club.
The orc hits you but does no damage.
The orc hits you from afar with a +0 trident!
* * * LOW HITPOINT WARNING * * *
The orc shouts!
You hit the orc warrior but do no damage.
The orc warrior is almost dead.
You hear a shout!
The orc warrior completely misses you. The orc completely misses you.
An orc priest comes into view. It is wielding a +0 short sword.
The orc misses you. The orc completely misses you.
A troll comes into view.
Unknown command.
You hit the orc warrior but do no damage.
The orc warrior is almost dead.
The orc warrior hits you with a +0 long sword!
* * * LOW HITPOINT WARNING * * *
The orc completely misses you. The orc misses you. The orc closely misses you.
The orc warrior attacks as you move away!
The orc warrior hits you with a +0 long sword!
You die...

#.. #.####.... #..#
#......... #..#
#.......# #..#
#.......# ###..#
#.......#
.....######.......#
................).#
................).#
###..####..#####@o#
#..# #..# #oo# #..#
#..# #oo# #..# #..#
#oo. #..####..# #....
#......).# #..#o8
#........#####..#.#.
#..####.........#.#.T
#..# #.........#


You could see a troll, an orc warrior and 7 orcs.

Vanquished Creatures
  3 yaks
  2 wyverns (D:8)
  3 water moccasins
  2 ice beasts
  2 ogres (D:5)
  2 sky beasts
  An orc warrior (D:7)
  2 black bears
  2 centaurs (D:7)
  2 phantoms (D:6)
  3 kobold brigands (D:8)
  2 gnoll sergeants (D:8)
  6 bullfrogs
  2 scorpions
  2 necrophages
  A wight (D:8)
  3 howler monkeys
  3 hounds
  3 jellies
  3 orc priests
  2 iguanas
  11 orc wizards
  2 howler monkey zombies (D:6)
  4 gnolls (D:7)
  8 adders
  A worm (D:3)
  3 dart slugs
  31 orcs
  8 endoplasms
  8 giant cockroaches
  9 goblins
  11 hobgoblins
  8 jackals
  10 quokkas
  13 ball pythons
  2 bats
  12 frilled lizards
  4 kobolds
  9 rats
205 creatures vanquished.

Notes
Turn   | Place    | Note
-------+----------+-------------------------------------------
     0 | Abyss:1  | kae the Merfolk Abyssal Knight began the quest for the Orb.
     0 | Abyss:1  | Reached XP level 1. HP: 18/18 MP: 2/2
    18 | D:1      | Escaped the Abyss
   262 | D:1      | Reached XP level 2. HP: 23/24 MP: 3/3
   505 | D:1      | Reached skill level 1 in Armour
   510 | D:1      | Reached skill level 3 in Long Blades
   843 | D:1      | Reached XP level 3. HP: 29/29 MP: 4/4
  1660 | D:2      | Reached *** piety under Lugonu
  1661 | D:2      | Reached XP level 4. HP: 26/37 MP: 5/5
  2293 | D:2      | Found a faded altar of an unknown god.
  2521 | D:2      | Identified the +1 robe "Sunem" {rC+}
  2672 | D:3      | Found a sparkling altar of Nemelex Xobeh.
  2672 | D:3      | Found a radiant altar of Vehumet.
  2672 | D:3      | Found a hide-covered altar of Uskayaw.
  2704 | D:3      | Found a hazy altar of Hepliaklqana.
  2726 | D:3      | Found a shimmering altar of Xom.
  2729 | D:3      | Found a shadowy altar of Dithmenos.
  2735 | D:3      | Found a broken altar of Ashenzari.
  2764 | D:3      | Gained mutation: You tend to lose your temper in combat.
                  | [potion of mutation]
  2764 | D:3      | Gained mutation: Your mind is acute. (Int +2) [potion of
                  | mutation]
  2764 | D:3      | Gained mutation: You do not regenerate when monsters are
                  | visible. [potion of mutation]
  2764 | D:3      | Gained mutation: You have sharp fingernails. [potion of
                  | mutation]
  2768 | D:3      | Reached skill level 4 in Long Blades
  2909 | D:3      | Noticed a steam dragon
  2978 | D:3      | Reached XP level 5. HP: 16/42 MP: 7/7
  3066 | D:3      | Found a glowing drain.
  3075 | Sewer    | Entered a sewer
  4008 | Sewer    | Reached **** piety under Lugonu
  4016 | Sewer    | Reached XP level 6. HP: 41/48 MP: 8/8
  4143 | D:3      | Reached skill level 5 in Long Blades
  5087 | D:3      | Lost mutation: You have sharp fingernails. [potion of
                  | mutation]
  5087 | D:3      | Lost mutation: You tend to lose your temper in combat.
                  | [potion of mutation]
  5087 | D:3      | Gained mutation: Your magical capacity is low. (-10% MP)
                  | [potion of mutation]
  5087 | D:3      | Gained mutation: You are covered in fur. (AC +1) [potion of
                  | mutation]
  5087 | D:3      | Gained mutation: Armour fits poorly on your strangely
                  | shaped body. [potion of mutation]
  5952 | D:4      | Found a staircase to the Ecumenical Temple.
  6129 | D:4      | Noticed Eustachio
  6211 | D:3      | Banished a steam dragon
  6212 | D:3      | Reached XP level 7. HP: 34/55 MP: 2/8
  6864 | D:4      | Banished Eustachio
  6865 | D:4      | Reached skill level 6 in Long Blades
  6865 | D:4      | Reached skill level 5 in Dodging
  7143 | D:5      | Entered Level 5 of the Dungeon
  7263 | D:5      | Reached skill level 5 in Fighting
  7462 | D:5      | Reached XP level 8. HP: 11/62 MP: 10/10
  7861 | D:5      | Found a shimmering blue altar of Sif Muna.
  8564 | D:5      | Reached skill level 7 in Long Blades
  9537 | D:6      | Reached skill level 5 in Invocations
  9634 | D:6      | Noticed Grinder
  9638 | D:6      | Paralysed by Grinder for 2 turns
 10071 | D:6      | Reached skill level 8 in Long Blades
 10071 | D:6      | Reached XP level 9. HP: 58/69 MP: 11/11
 10523 | D:6      | Found a runed translucent door.
 10524 | D:6      | Noticed Crazy Yiuf
 10810 | D:6      | Found an iron altar of Okawaru.
 10810 | D:6      | Found a glowing golden altar of the Shining One.
 11020 | D:6      | Found a basalt altar of Yredelemnul.
 11056 | D:6      | Banished Grinder
 11347 | D:6      | Banished Crazy Yiuf
 11563 | D:7      | Reached skill level 9 in Long Blades
 12712 | D:7      | Found Zeagoret's Jewellery Shoppe.
 12858 | D:8      | Reached XP level 10. HP: 55/79 MP: 13/13
 12914 | D:8      | Reached skill level 10 in Long Blades
 13032 | D:8      | Noticed a death yak
 13033 | D:8      | Found a staircase to the Lair.
 13033 | D:8      | Noticed a death yak
 13033 | D:8      | Noticed a death yak
 13035 | D:8      | HP: 3/79 [death yak (25)]
 13422 | D:8      | Found a flagged portal.
 13711 | D:8      | Noticed a six-headed hydra
 14005 | D:8      | Banished a six-headed hydra
 14409 | D:8      | Noticed a two-headed ogre
 14415 | D:8      | Banished a two-headed ogre
 14493 | D:8      | Reached skill level 11 in Long Blades
 15059 | D:8      | Banished a death yak
 15060 | D:8      | Reached skill level 5 in Armour
 15995 | D:9      | Slain by an orc warrior

Illustrated notes

Levels and vault maps discovered:
D:1:      giann_forest_graveyard, layout_basic
D:2:      layout_basic, nicolae_ecumenical_snake_handling
D:3:      layout_basic, nicolae_overflow_hallway_of_the_gods,
          cheibrodos_sewer_entry_drain
D:4:      layout_cave_pods, minmay_temple_entry_junction, uniq_eustachio
D:5:      layout_layer_cave, nicolae_sif_muna_condensation
D:6:      layout_loops_ring, lemuel_zombie_altar_yredelemnul,
          jmf_multi_god_temple, uniq_crazy_yiuf_cottage, uniq_grinder
D:7:      layout_basic, serial_shops, shop_fountains
D:8:      minmay_razor_zed, layout_loops_ring, dpeg_lair_monsters,
          enter_bailey_5
D:9:      layout_small_grid, david_orc_5, gammafunk_ghost_nasty_kobolds,
          minmay_misc_feat_ornament

Skill      XL: |  1  2  3  4  5  6  7  8  9 10 |
---------------+-------------------------------+-----
Armour         | 1 2 3 4 5 |  5.0
Dodging        | 3 4 5 6 7 9 |  9.1
Long Blades    | 3 4 5 6 8 9 11 | 11.5
Fighting       | 4 5 7 8 |  8.1
Invocations    | 3 4 5 6 7 |  7.4

Action                   |  1- 3 |  4- 6 |  7- 9 | 10-12 || total
-------------------------+-------+-------+-------+-------++-------
Melee: Falchion          |    92 |   268 |   339 |   225 ||   924
       Tailslap          |       |     6 |       |       ||     6
       Punch             |       |     2 |     4 |     6 ||    12
Invok: Bend Space        |       |     2 |       |     1 ||     3
       Banish            |       |     2 |     3 |     8 ||    13
Evoke: Wand              |       |       |     4 |     4 ||     8
  Use: Scroll            |     3 |    10 |    10 |     4 ||    27
       Potion            |       |     7 |     2 |     1 ||    10
 Stab: Sleeping          |     1 |     3 |       |       ||     4
Armor: Leather armour    |    25 |    30 |       |       ||    55
       Ring mail         |       |    27 |    57 |    21 ||   105
Dodge: Dodged            |    55 |   229 |   242 |   163 ||   689

Table legend: (Time is in decaauts)
 A = Elapsed time spent in this place.
 B = Non-inter-level travel time spent in this place.
 C = Inter-level travel time spent in this place.
 D = Time resting spent in this place.
 E = Time spent auto-exploring this place.
 F = Levels seen in this place.
 G = Mean time per level.
                   A        B        C        D        E       F      G
               +--------+--------+--------+--------+--------+-----+--------+
         Total |  15867 |  15197 |    670 |   4699 |   7923 |  11 | 1442.5 |
       Dungeon |  14849 |  14179 |    670 |   4466 |   7397 |   9 | 1649.9 |
         Abyss |     18 |     18 |      0 |      0 |     11 |   1 |   18.0 |
         Sewer |   1000 |   1000 |      0 |    233 |    514 |   1 | 1000.0 |
               +--------+--------+--------+--------+--------+-----+--------+

Top non-repeatable levels by time:
     D:8: 2489 daAuts
     D:5: 2266 daAuts
     D:3: 2224 daAuts
     D:7: 1786 daAuts
     D:6: 1782 daAuts
     D:1: 1532 daAuts
     D:4: 1396 daAuts
     D:2: 1171 daAuts
   Sewer: 1000 daAuts
     D:9: 198 daAuts
 Abyss:1: 18 daAuts
